[Event "FIDE Rating Open 2024"]
[Site "Dhaka"]
[Date "2024.01.16"]
[Round "1.1"]
[White "Rahman, Ziaur"]
[Black "Mohammad Mynul, Hasan"]
[Result "1-0"]
[ECO "A39"]
[WhiteElo "2428"]
[BlackElo "1716"]
[Annotator "TA"]
[PlyCount "47"]
[EventDate "2024.01.16"]
[EventType "swiss"]
[EventCountry "BAN"]
[SourceTitle "playchess.com"]
[Source "ChessBase"]
[SourceQuality "1"]
[TimeControl "5400+30"]

1. c4 c5 2. g3 g6 3. Bg2 Bg7 4. Nc3 Nc6 5. Nf3 Nf6 6. d4 cxd4 7. Nxd4 a6 8. O-O O-O 9. c5 Qc7 {[%emt 0:10:05] 9...Qc7 is better than 9...Nxd4.} 10. Nb3 {[%emt 0:04:19] A39: Symmetrical English vs ...g6: 4 Bg2 Bg7 5 Nf3 Nf6 6 0-0 0-0 7 d4.} Rb8 ({Better is} 10... d5 $14) 11. Bf4 $16 e5 12. Bg5 {[%emt 0:01:28] [#] White is better.} b5 $146 ({Predecessor:} 12... Ne7 13. f4 Ra8 14. e4 Rd8 15. Qd6 Qxd6 16. cxd6 Nc6 17. fxe5 Ng4 18. Bxd8 Nxd8 {1-0 Fuochi,T (2019)-D`Amico,N (1752) Arco Christmas op 11th 2021 (3)}) 13. Qd2 a5 {[%emt 0:03:15] [#]} (13... b4 $16) 14. Bxf6 $1 $18 Bxf6 15. Nd5 {[%emt 0:00:08][%csl LRc7,LRf6] White is much more active. The black rooks are badly placed.} Qd8 16. Nxf6+ Qxf6 17. Nxa5 Nd4 18. b4 Re8 (18... d6 $142 19. c6 Bg4) 19. Rad1 h5 (19... d6 $142 20. c6 Bg4) 20. f4 {[%emt 0:02:00][%cal Bf2f4,Bf4e5][%mdl 32] [#] Strongly threatening fxe5.} Ne6 (20... Nf5 $142 21. e4 Ng7) 21. Qd6 {[%emt 0:03:24][%csl LRb8,LRe5] White is clearly winning.} Bb7 22. fxe5 Qxf1+ 23. Rxf1 Bxg2 24. Kxg2 {[%emt 0:00:06] Weighted Error Value: White=0.04 (flawless) /Black=0.54} 1-0

[Event "FIDE Rating Open 2024"]
[Site "Dhaka"]
[Date "2024.01.16"]
[Round "1.2"]
[White "Sangram, Das"]
[Black "Zia, Tahsin Tajwar"]
[Result "0-1"]
[ECO "D50"]
[WhiteElo "1698"]
[BlackElo "2275"]
[Annotator "NA RC"]
[PlyCount "90"]
[EventDate "2024.01.16"]
[EventType "swiss"]
[EventCountry "BAN"]
[SourceTitle "playchess.com"]
[Source "ChessBase"]
[SourceQuality "1"]
[TimeControl "5400+30"]

1. d4 Nf6 2. c4 e6 3. Nc3 d5 4. Bg5 dxc4 5. e3 c5 6. dxc5 Qa5 7. Bxf6 gxf6 8. Qa4+ Qxa4 9. Nxa4 Bd7 10. Nc3 Bxc5 11. Bxc4 a6 12. Nf3 Bc6 13. Ke2 Nd7 14. Rad1 Ke7 15. Bb3 b5 16. Bc2 f5 17. Rhg1 Rac8 18. Rd2 Rhg8 19. Bb3 Nb6 20. a3 Bxa3 21. Na2 Bc5 22. g3 a5 23. Ne5 a4 24. Bc2 Be8 25. b3 Bd6 26. Nd3 Rxc2 27. Rxc2 axb3 28. Rb2 bxa2 29. Rxa2 Bd7 30. Ra7 Rb8 31. Rb1 Nd5 32. Kd2 b4 33. Rc1 Nc3 34. Nb2 Bc5 35. Ra5 Bb5 36. Kc2 Bb6 37. Raa1 Ne4 38. Nd1 Be2 39. Kb3 Bxd1+ 40. Rxd1 Nxf2 41. Rd2 Bxe3 42. Rc2 Rb7 43. Ra4 Nd3 44. Ra5 Kf6 45. Re2 Nc1+ 0-1

[Event "FIDE Rating Open 2024"]
[Site "Dhaka"]
[Date "2024.01.16"]
[Round "1.3"]
[White "Md Masud, Rana"]
[Black "Subrota, Biswas"]
[Result "0-1"]
[ECO "C01"]
[WhiteElo "1703"]
[BlackElo "2223"]
[Annotator "NA RC"]
[PlyCount "58"]
[EventDate "2024.01.16"]
[EventType "swiss"]
[EventCountry "BAN"]
[SourceTitle "playchess.com"]
[Source "ChessBase"]
[SourceQuality "1"]
[TimeControl "5400+30"]

1. e4 e6 2. d4 d5 3. exd5 exd5 4. Nf3 Bd6 5. Bd3 Nc6 6. O-O Nge7 7. c3 Bf5 8. Re1 Qd7 9. Ne5 Bxe5 10. dxe5 d4 11. cxd4 O-O-O 12. Bg5 Nxd4 13. Bxf5 Ndxf5 14. Qg4 h5 15. Qh3 Qd3 16. Qxd3 Rxd3 17. Nc3 Nc6 18. Rad1 Rxd1 19. Nxd1 Re8 20. Bf4 Nb4 21. Re4 Nd3 22. g3 f6 23. exf6 Rxe4 24. f7 Re1+ 25. Kg2 Nxf4+ 26. gxf4 Nh4+ 27. Kg3 Ng6 28. f5 Rg1+ 29. Kf3 Ne5+ 0-1

[Event "FIDE Rating Open 2024"]
[Site "Dhaka"]
[Date "2024.01.16"]
[Round "1.4"]
[White "Mohammad Minhaz Uddin"]
[Black "Md Nesar Uddin"]
[Result "1-0"]
[ECO "C06"]
[WhiteElo "2224"]
[BlackElo "1697"]
[Annotator "NA RC"]
[PlyCount "71"]
[EventDate "2024.01.16"]
[EventType "swiss"]
[EventCountry "BAN"]
[SourceTitle "playchess.com"]
[Source "ChessBase"]
[SourceQuality "1"]
[TimeControl "5400+30"]

1. e4 e6 2. d4 d5 3. Nd2 Nf6 4. e5 Nfd7 5. Bd3 c5 6. c3 Nc6 7. Ne2 Qb6 8. Nf3 a5 9. O-O Be7 10. Re1 Nf8 11. Ng3 h5 12. h4 a4 13. Bg5 c4 14. Bc2 Qxb2 15. Rb1 Qxc3 16. Bd2 Qa3 17. Re3 Qxa2 18. Bc3 Qa3 19. Ra1 b5 20. Rxa3 Bxa3 21. Ng5 g6 22. N3e4 Be7 23. Qf3 b4 24. Nf6+ Kd8 25. Nxf7+ Kc7 26. Nxh8 bxc3 27. Ne8+ Kd8 28. Nd6 Nxd4 29. Qf7 Bd7 30. Nb7+ Kc7 31. Qxe7 Nxc2 32. Rxc3 Kxb7 33. Rxc2 a3 34. Nxg6 a2 35. Rb2+ Kc7 36. Qd6+ 1-0

[Event "FIDE Rating Open 2024"]
[Site "Dhaka"]
[Date "2024.01.16"]
[Round "1.5"]
[White "Abu Sufian, Shakil"]
[Black "Warsia, Khusbu"]
[Result "1-0"]
[ECO "C43"]
[WhiteElo "2199"]
[BlackElo "1684"]
[Annotator "NA RC"]
[PlyCount "71"]
[EventDate "2024.01.16"]
[EventType "swiss"]
[EventCountry "BAN"]
[SourceTitle "playchess.com"]
[Source "ChessBase"]
[SourceQuality "1"]
[TimeControl "5400+30"]

1. e4 e5 2. Nf3 Nf6 3. d4 Nxe4 4. Bd3 Nc6 5. Nxe5 Nxe5 6. dxe5 d5 7. Bxe4 dxe4 8. Qxd8+ Kxd8 9. Nc3 Bb4 10. Bg5+ Ke8 11. O-O-O Bf5 12. Nb5 Ba5 13. Rd5 h6 14. Nd4 Bd7 15. Rxa5 hxg5 16. e6 Bxe6 17. Rxg5 Ke7 18. Rxg7 Rag8 19. Rxg8 Rxg8 20. Nxe6 Kxe6 21. g3 f5 22. Kd2 Rd8+ 23. Ke3 Ke5 24. h4 c5 25. h5 c4 26. h6 b5 27. h7 Rh8 28. c3 a5 29. a3 Kf6 30. Kf4 Kg6 31. Rh2 a4 32. Rh1 Kf6 33. Rh6+ Kg7 34. Kg5 Rxh7 35. Rxh7+ Kxh7 36. Kxf5 1-0

[Event "FIDE Rating Open 2024"]
[Site "Dhaka"]
[Date "2024.01.16"]
[Round "1.6"]
[White "Shamsul Kabir Chowdhury"]
[Black "Anata, Choudhury"]
[Result "0-1"]
[ECO "E24"]
[WhiteElo "1681"]
[BlackElo "2196"]
[Annotator "NA RC"]
[PlyCount "97"]
[EventDate "2024.01.16"]
[EventType "swiss"]
[EventCountry "BAN"]
[SourceTitle "playchess.com"]
[Source "ChessBase"]
[SourceQuality "1"]
[TimeControl "5400+30"]

1. d4 Nf6 2. c4 e6 3. Nc3 Bb4 4. a3 Bxc3+ 5. bxc3 b6 6. Qc2 Ba6 7. e4 Nc6 8. e5 Ng8 9. Bd3 Nge7 10. f4 Na5 11. Qe2 d5 12. c5 Bxd3 13. Qxd3 Qd7 14. cxb6 cxb6 15. Ne2 O-O 16. g4 f5 17. g5 Rac8 18. Kf2 Qa4 19. Rb1 Rc7 20. Rb4 Qd7 21. Qb5 Nec6 22. Rb1 Nc4 23. h4 Rfc8 24. h5 a6 25. Qa4 N6xe5 26. Qd1 Ng4+ 27. Kf3 b5 28. h6 g6 29. Qb3 Nd6 30. Rd1 Ne4 31. Bd2 Ngf2 32. Be1 Nxd1 33. Rxd1 Rc4 34. Rd3 Qc7 35. Re3 Qa5 36. Nc1 Qa4 37. Qxa4 Rxa4 38. Nd3 Rxa3 39. Nc5 Nxc5 40. dxc5 Kf7 41. Rd3 Rxc5 42. Ke3 Rc4 43. Bd2 a5 44. Ke2 b4 45. cxb4 axb4 46. Be3 Rxd3 47. Kxd3 b3 48. Bd4 Rxd4+ 49. Kxd4 0-1

[Event "FIDE Rating Open 2024"]
[Site "Dhaka"]
[Date "2024.01.16"]
[Round "2.1"]
[White "Md Nasir Uddin"]
[Black "Rahman, Ziaur"]
[Result "0-1"]
[ECO "D02"]
[WhiteElo "1839"]
[BlackElo "2428"]
[Annotator "TA"]
[PlyCount "132"]
[EventDate "2024.01.16"]
[EventType "swiss"]
[EventCountry "BAN"]
[SourceTitle "playchess.com"]
[Source "ChessBase"]
[SourceQuality "1"]
[TimeControl "5400+30"]

1. d4 d5 2. Nf3 Nf6 3. g3 Bf5 4. Bg2 e6 5. Nbd2 Be7 6. O-O h6 {[%emt 0:01:17] D02: 1 d4 d5 2 Nf3 sidelines, including 2...Nf6 3 g3 and 2...Nf6 3 Bf4.} 7. b3 {[%emt 0:02:18] [#]} a5 $146 ({Predecessor:} 7... O-O 8. Bb2 Nbd7 9. Ne5 a5 10. a3 Bh7 11. c4 c6 12. Re1 Nxe5 13. dxe5 Nd7 14. cxd5 exd5 15. f4 Nc5 16. Kh1 f6 17. exf6 Bxf6 18. Bxf6 Qxf6 19. b4 axb4 20. axb4 {0-1 Van der Lende,I (2347)-Bok,B (2592) NED-chT 1617 2016 (3.2)}) 8. Bb2 a4 {[%emt 0:02:58] The position is equal.} 9. a3 axb3 10. cxb3 Nbd7 11. b4 b5 (11... Nb6 $15) 12. Rc1 O-O 13. Re1 Nb6 14. Ne5 $1 Nc4 15. Nexc4 bxc4 16. e4 Bg4 17. Qc2 c6 18. Ra1 Nd7 (18... Bh5 $15) 19. Bc3 $11 Bh5 20. a4 Bg6 21. a5 (21. Qb2 $14) 21... Bh7 (21... Qc7 $11) 22. Qa4 Nb8 (22... Qc8 $16) 23. exd5 $18 cxd5 (23... exd5 {was called for.} 24. b5 Bf6) 24. b5 $2 (24. Nxc4 $18 {is the precise move to win. Nb6 would be deadly.} Qc8 {[%mdl 64] Pin} 25. Nb6 Qxc3 26. Nxa8) 24... Nd7 $16 25. Qd1 Bd6 26. Qg4 Nf6 27. Qd1 (27. Qf3 $14) 27... Qd7 (27... Nd7 $1 $11) 28. Qa4 (28. b6 {looks sharper.} Bd3 29. Nb3 Qc6 30. Nc5) 28... Rfb8 29. b6 Qxa4 30. Rxa4 {[%emt 0:00:02] Nxc4 is the strong threat.} Rxb6 {[%emt 0:00:52] Threatens to win with ...Rc6.} 31. Nxc4 Rc6 {[%emt 0:00:58][%mdl 64] aiming for ...Bc2. Pin} 32. Nxd6 Rxc3 33. Rea1 (33. Bf1 $1 $14) 33... Rc6 (33... Bd3 $1 $11 {remains equal.}) 34. Nb7 $1 Ne4 35. Bf1 (35. Bxe4 $16 Bxe4 36. Nc5) 35... Ra7 (35... Nd2 $1 $11) 36. a6 (36. Rb4 $142 $1) 36... g5 {[%emt 0:01:16] [#]} (36... Rb6 $142) 37. Rb4 $1 Nd2 {[%emt 0:02:04] [#]} 38. Bb5 ({Better is} 38. Be2 $1 $18) 38... Rb6 $1 $36 {[%emt 0:01:17][%mdl 2048] Black is pushing.} 39. Nc5 {[%emt 0:00:06] Against Bd3} (39. Raa4 $11 Nf3+ 40. Kg2 Ne1+ 41. Kg1) 39... Nf3+ $17 40. Kg2 {[%emt 0:02:16] [#]} Nxd4 {[%emt 0:00:28][%mdl 64] Deflection. Black is more active.} 41. Ra5 Nc6 42. Bxc6 {[%emt 0:00:07][%mdl 8192] Loses the game.} (42. Nd7 $1 $15) 42... Rxb4 $19 43. Bb7 Be4+ 44. Kf1 (44. Nxe4 $142 Rxe4 45. Rc5) 44... Bf3 45. Ke1 g4 46. Kd2 Rb2+ 47. Ke3 e5 48. Kd3 (48. Bxd5 Bxd5 49. Nd3) 48... Kg7 {[%emt 0:01:42] Black is clearly winning.} 49. Nd7 f6 50. Kc3 Rbxb7 51. axb7 Rxb7 {[%emt 0:00:02][%mdl 4096] Endgame KRB-KRN} ({Don't play} 51... Rxa5 52. b8=Q $18 (52. b8=B $2 {perishes.} d4+ 53. Kd2 Ra2+ 54. Kd3 Be2+ 55. Ke4 d3 $19) (52. b8=B $2 {is the wrong capture.} d4+ 53. Kd3 Ra3+ 54. Kc4 d3 $19)) 52. Nc5 Rc7 53. Kd2 Kg6 54. Ne6 (54. Kc2 $142) 54... Rb7 {[%emt 0:00:42] And now ...Rb2+ would win.} 55. Ra2 d4 56. Nc5 Rb5 57. Rc2 Kf5 58. Nd7 Rb7 59. Nc5 Ra7 60. Rb2 Ra1 {[%emt 0:18:45] Strongly threatening ...e4.} 61. Rb6 Ra2+ {[%emt 0:00:00][%mdl 64] Skewer} 62. Kc1 Rxf2 63. Nd7 d3 64. Rxf6+ Ke4 {[%emt 0:00:00] ( -> ...d2+)} 65. Rd6 Rc2+ 66. Kb1 Rc7 {[%emt 0:00:00] Weighted Error Value: White=0.46/Black=0.29 (precise)} 0-1

[Event "FIDE Rating Open 2024"]
[Site "Dhaka"]
[Date "2024.01.16"]
[Round "2.2"]
[White "Zia, Tahsin Tajwar"]
[Black "Mukitul, Islam Ripon"]
[Result "1-0"]
[ECO "A51"]
[WhiteElo "2275"]
[BlackElo "1831"]
[Annotator "NA RC"]
[PlyCount "67"]
[EventDate "2024.01.16"]
[EventType "swiss"]
[EventCountry "BAN"]
[SourceTitle "playchess.com"]
[Source "ChessBase"]
[SourceQuality "1"]
[TimeControl "5400+30"]

1. d4 Nf6 2. c4 e5 3. dxe5 Ne4 4. Qd5 Nc5 5. Nc3 b6 6. Bg5 Qxg5 7. Qxa8 Nca6 8. Nf3 Qh6 9. a3 Be7 10. Qe4 O-O 11. g3 Nc5 12. Qc2 Bb7 13. Bg2 Nc6 14. O-O g5 15. h3 Qg7 16. Nd5 Bd8 17. Qf5 h6 18. b4 Ne6 19. Rad1 Kh8 20. e3 f6 21. exf6 Bxf6 22. Nxf6 Rxf6 23. Qc2 Nxb4 24. axb4 Bxf3 25. Bxf3 Rxf3 26. Qe4 Rf8 27. Rd2 a5 28. bxa5 bxa5 29. Qd5 a4 30. Qxd7 Nc5 31. Qc6 Qe7 32. Rd5 Ne4 33. Rd7 Qf6 34. Qxe4 1-0

[Event "FIDE Rating Open 2024"]
[Site "Dhaka"]
[Date "2024.01.16"]
[Round "2.3"]
[White "Siam, Chowdhury"]
[Black "Mohammad Minhaz Uddin"]
[Result "0-1"]
[ECO "C42"]
[WhiteElo "1822"]
[BlackElo "2224"]
[Annotator "NA RC"]
[PlyCount "96"]
[EventDate "2024.01.16"]
[EventType "swiss"]
[EventCountry "BAN"]
[SourceTitle "playchess.com"]
[Source "ChessBase"]
[SourceQuality "1"]
[TimeControl "5400+30"]

1. e4 e5 2. Nf3 Nf6 3. Nxe5 d6 4. Nf3 Nxe4 5. d4 d5 6. Bd3 Nc6 7. O-O Be7 8. c4 Nb4 9. Re1 Nxd3 10. Qxd3 Nf6 11. h3 O-O 12. Nc3 dxc4 13. Qxc4 c6 14. Be3 Be6 15. Qd3 Nd5 16. Nxd5 Bxd5 17. Bf4 f6 18. b3 Rf7 19. Rad1 Bf8 20. Nd2 a5 21. Ne4 a4 22. Ra1 Bb4 23. Rec1 Qa5 24. a3 Bxe4 25. Qxe4 axb3 26. axb4 Qxa1 27. Rxa1 Rxa1+ 28. Kh2 b2 29. Qe8+ Rf8 30. Qe6+ Kh8 31. Qe7 Raa8 32. Qe4 Rfe8 33. Qc2 Re2 34. Qxe2 b1=Q 35. Qe7 Qf5 36. Bg3 b5 37. Qb7 Qc8 38. Qe7 Qe8 39. Qd6 Rd8 40. Qc5 Rd5 41. Qb6 Qd7 42. Bc7 h5 43. Qb8+ Kh7 44. Bb6 Qd6+ 45. Qxd6 Rxd6 46. g3 Kg6 47. Kg2 Re6 48. f4 Re1 0-1

[Event "FIDE Rating Open 2024"]
[Site "Dhaka"]
[Date "2024.01.16"]
[Round "2.4"]
[White "Subrota, Biswas"]
[Black "Nasim Hossain, Bhuiyan"]
[Result "1/2-1/2"]
[ECO "E11"]
[WhiteElo "2223"]
[BlackElo "1812"]
[Annotator "NA RC"]
[PlyCount "71"]
[EventDate "2024.01.16"]
[EventType "swiss"]
[EventCountry "BAN"]
[SourceTitle "playchess.com"]
[Source "ChessBase"]
[SourceQuality "1"]
[TimeControl "5400+30"]

1. d4 d5 2. c4 e6 3. Nf3 Nf6 4. g3 Bb4+ 5. Bd2 Be7 6. Bg2 O-O 7. O-O c6 8. Qc2 Nbd7 9. Bf4 c5 10. dxc5 Bxc5 11. cxd5 Nxd5 12. Ng5 g6 13. Ne4 Nxf4 14. gxf4 Bd4 15. Rd1 Qb6 16. Nbc3 Bg7 17. Na4 Qa5 18. Nd6 Nf6 19. Nc5 Rb8 20. e3 b6 21. b4 Qxb4 22. Rab1 Qa3 23. Rb3 Qa5 24. Rb5 Qa3 25. Rd3 Qxc5 26. Qxc5 bxc5 27. Rxb8 Ba6 28. Rxf8+ Bxf8 29. Ra3 Be2 30. Ne4 Nxe4 31. Bxe4 a6 32. Rc3 Bb5 33. Bc2 c4 34. a4 Bb4 35. axb5 axb5 36. Ba4 1/2-1/2

[Event "FIDE Rating Open 2024"]
[Site "Dhaka"]
[Date "2024.01.16"]
[Round "2.5"]
[White "Abdul, Momin"]
[Black "Abu Sufian, Shakil"]
[Result "0-1"]
[ECO "B72"]
[WhiteElo "1811"]
[BlackElo "2199"]
[Annotator "NA RC"]
[PlyCount "112"]
[EventDate "2024.01.16"]
[EventType "swiss"]
[EventCountry "BAN"]
[SourceTitle "playchess.com"]
[Source "ChessBase"]
[SourceQuality "1"]
[TimeControl "5400+30"]

1. e4 c5 2. Nf3 d6 3. d4 cxd4 4. Nxd4 Nf6 5. Nc3 g6 6. Be2 Bg7 7. Be3 Nc6 8. Qd2 O-O 9. O-O-O d5 10. exd5 Nxd5 11. Nxc6 bxc6 12. Nxd5 cxd5 13. Qxd5 Qc7 14. Qxa8 Bf5 15. Qxf8+ Kxf8 16. Bd3 Bg4 17. Rd2 h5 18. Bc4 Bxb2+ 19. Kxb2 Qxc4 20. Rd8+ Kg7 21. Rb8 Be6 22. Rd1 Qxa2+ 23. Kc1 Qa3+ 24. Rb2 a5 25. Rd3 Qa4 26. g3 Qc6 27. h4 Bf5 28. Rb6 Qc4 29. Bd4+ Kh7 30. Rb8 f6 31. Rd2 Bxc2 32. Rxc2 Qxd4 33. Rb7 Kh6 34. Rxe7 g5 35. hxg5+ Kxg5 36. Rg7+ Kh6 37. Rgc7 a4 38. R7c4 Qa1+ 39. Kd2 Qf1 40. Kc3 Qa1+ 41. Kd2 Kg6 42. Rc1 Qb2+ 43. R1c2 Qb5 44. R4c3 Qb4 45. Kd3 a3 46. Ra2 Qb1+ 47. Rcc2 Qb3+ 48. Ke2 Kf5 49. Kf1 Kg4 50. Kg2 f5 51. Rd2 f4 52. gxf4 Qf3+ 53. Kh2 h4 54. Rd8 Qxf4+ 55. Kg2 h3+ 56. Kg1 Qc1+ 0-1

[Event "FIDE Rating Open 2024"]
[Site "Dhaka"]
[Date "2024.01.16"]
[Round "2.6"]
[White "Anata, Choudhury"]
[Black "Mohammad, Din"]
[Result "1-0"]
[ECO "B07"]
[WhiteElo "2196"]
[BlackElo "1795"]
[Annotator "NA RC"]
[PlyCount "59"]
[EventDate "2024.01.16"]
[EventType "swiss"]
[EventCountry "BAN"]
[SourceTitle "playchess.com"]
[Source "ChessBase"]
[SourceQuality "1"]
[TimeControl "5400+30"]

1. e4 d6 2. d4 Nf6 3. Nc3 c6 4. Nf3 Qa5 5. Bd2 Qc7 6. a4 a5 7. h3 e5 8. Be3 Be7 9. Qd2 Nbd7 10. Be2 Nf8 11. g4 Ng6 12. g5 Nd7 13. h4 Ngf8 14. h5 Nb6 15. O-O-O Be6 16. d5 Bd7 17. Kb1 cxd5 18. Bxb6 Qxb6 19. Nxd5 Qd8 20. Qe3 f6 21. h6 g6 22. gxf6 Bxf6 23. Nb6 Rb8 24. Rxd6 Qe7 25. Rxd7 Nxd7 26. Bb5 Rd8 27. Nxd7 Rxd7 28. Rd1 O-O 29. Rd4 Qe6 30. Rxd7 1-0

[Event "FIDE Rating Open 2024"]
[Site "Dhaka"]
[Date "2024.01.17"]
[Round "3.1"]
[White "Rahman, Ziaur"]
[Black "Chowdhury, Sohel"]
[Result "1-0"]
[ECO "A07"]
[WhiteElo "2428"]
[BlackElo "1956"]
[Annotator "TA"]
[PlyCount "168"]
[EventDate "2024.01.16"]
[EventType "swiss"]
[EventCountry "BAN"]
[SourceTitle "playchess.com"]
[Source "ChessBase"]
[SourceQuality "1"]
[TimeControl "5400+30"]

1. Nf3 d5 2. g3 Nf6 3. Bg2 Bf5 4. d3 e6 5. O-O Be7 6. Nh4 {[%emt 0:01:06] A07: Réti Opening: New York and Capablanca Systems.} c6 7. Qe1 {[%emt 0:05:50] [#]} Nfd7 $146 (7... O-O $11 {keeps the balance.}) ({Predecessor:} 7... Bg4 8. h3 Bh5 9. f4 O-O 10. e4 Nfd7 11. Nf3 Bxf3 12. Bxf3 a5 13. Nd2 a4 {½-½ Bitensky,I (2384)-Saric,I (2661) EU-ch 16th Jerusalem 2015 (1)}) 8. Nxf5 $16 {[%emt 0:10:56] White is better.} exf5 9. e4 (9. Bh3 $16) 9... fxe4 $11 10. dxe4 dxe4 11. Qxe4 Nf6 12. Qf3 O-O 13. Na3 Nbd7 14. Nc4 Nd5 15. Bd2 Bf6 16. Rad1 Qc7 17. Ba5 {[%emt 0:09:58] This pair of bishops is nice.} b6 18. Bd2 Rad8 19. b3 Rfe8 20. Ne3 Ne5 21. Qe2 Nxe3 22. Bxe3 Ng6 23. Qc4 c5 24. a4 Qe7 25. h4 h6 26. h5 Nf8 {[%emt 0:00:00] [#] Black is weak on the light squares} 27. a5 {[%emt 0:07:19] White is more active.} Bg5 28. Bxg5 Qxg5 29. axb6 axb6 30. Bf3 (30. Bc6 $5 ) 30... Ne6 31. c3 {[%emt 0:00:36] Wards off Nd4} Qf6 32. Bc6 Rxd1 33. Rxd1 Rd8 34. Rxd8+ Qxd8 {[%emt 0:00:00][%mdl 4096] Endgame KQB-KQN} 35. Bd5 b5 36. Qd3 Ng5 37. f4 Ne6 38. Qf5 Qe7 39. Qe5 b4 40. cxb4 cxb4 41. Kg2 Qd7 42. Kh2 Nf8 43. Bc4 Qd2+ 44. Kh3 Qd7+ 45. Kg2 Qd2+ 46. Kf3 Qd1+ 47. Kf2 Qd2+ 48. Qe2 Qd4+ 49. Kg2 Qd7 50. Qe4 Qg4 51. Qd5 Qd7 52. Kf3 (52. Qxd7 {simplifies} Nxd7 53. Bd5 Nf6 54. Bf3) 52... Qe7 53. Qe4 Qc5 54. Qd5 Qe7 55. Qe5 Qb7+ 56. Bd5 Qd7 57. g4 Nh7 58. Qb8+ Nf8 59. Qb7 Qxb7 60. Bxb7 {[%emt 0:00:02] KB-KN} Ne6 61. Bd5 {[%emt 0:00:46] Bxe6 is the strong threat.} Nc7 62. Bc4 {[%emt 0:01:08] Threatening Ke4.} Kf8 63. Ke4 {[%emt 0:00:15] Strongly threatening Ke5.} Ke7 ({Black should play} 63... g6 $1 $14) 64. Kd4 $18 f5 $2 (64... Ne8) 65. gxf5 Kd6 66. Bg8 $2 (66. f6 $1 $18 gxf6 67. Ke4) 66... Ne8 $2 (66... Nb5+ $16 67. Kc4 Kc6 68. Kxb4 Nd4) 67. Kc4 Nf6 68. Bf7 Ke7 69. Bg6 Kd6 70. Kxb4 Nd5+ {[%emt 0:00:02] [#]} 71. Kb5 $1 Nxf4 72. b4 {[%emt 0:00:02][%cal Bb3b4,Bb4b5,Bb5b6][%mdl 32] Hoping for Ka5.} Nd5 $2 (72... Kd7 73. Kc5 Nd3+ 74. Kb5 Nf4) 73. Kc4 $2 (73. Bf7 $18 {White threatens Bxd5 and mate.} Nf6 74. Ka6) 73... Nb6+ {[%emt 0:00:50] [#]} ({Better is} 73... Ne3+ $14 74. Kb5 Nd5) 74. Kd4 (74. Kb3 $1 $16) 74... Nd5 $14 75. b5 Nc7 $2 (75... Nf6 $14) 76. b6 {[%emt 0:01:55] White mates.} Na6 77. Be8 Nc5 78. Kc4 Nb7 79. Kb5 Ke7 80. Bg6 Kd6 81. Ka6 Nc5+ 82. Ka7 Nd7 83. Be8 Nc5 84. b7 Kd5 {[%emt 0:01:02] Weighted Error Value: White=0.06 (flawless) /Black=0.07 (flawless)} 1-0

[Event "FIDE Rating Open 2024"]
[Site "Dhaka"]
[Date "2024.01.17"]
[Round "3.2"]
[White "Sujan"]
[Black "Zia, Tahsin Tajwar"]
[Result "1/2-1/2"]
[ECO "B21"]
[WhiteElo "1952"]
[BlackElo "2275"]
[Annotator "RC"]
[PlyCount "58"]
[EventDate "2024.01.16"]
[EventType "swiss"]
[EventCountry "BAN"]
[SourceTitle "playchess.com"]
[Source "ChessBase"]
[SourceQuality "1"]
[TimeControl "5400+30"]

1. e4 c5 2. Nf3 e6 3. d4 cxd4 4. c3 dxc3 5. Nxc3 Nc6 6. a3 d6 7. Bc4 Nf6 8. O-O Be7 9. Re1 O-O 10. h3 a6 11. Be3 b5 12. Ba2 Bb7 13. Rc1 Rc8 14. Qd3 Na5 15. Nd2 Nd7 16. f4 Nb6 17. Nxb5 d5 18. Rxc8 Nxc8 19. Nc3 dxe4 20. Qxd8 Rxd8 21. Ndxe4 Bc6 22. Nc5 Bxc5 23. Bxc5 Nb7 24. Bf2 Ne7 25. Bh4 Rd7 26. Bxe7 Rxe7 27. f5 Kf8 28. fxe6 Nc5 29. Bc4 Bb7 1/2-1/2